 Dungeon Crawl Stone Soup version 0.13.0-28-g1b50097 (webtiles) character file.

410 Grandi the Magician (level 6, -4/40 HPs)
             Began as a Human Wizard on Nov 3, 2013.
             Killed from afar by an orc wizard (10 damage)
             ... with a puff of flame
             ... on Level 3 of the Dungeon on Nov 4, 2013.
             The game lasted 00:38:26 (5206 turns).

Grandi the Magician (Human Wizard)                  Turns: 5206, Time: 00:38:27

HP  -4/40        AC  3     Str  7      XL: 6   Next: 14%
MP   8/16        EV 12     Int 21      God:
Gold 197         SH  0     Dex 11      Spells:  4 memorised,  5 levels left

Res.Fire  : . . .   See Invis. : .   w - +2 quarterstaff (chaos)
Res.Cold  : . . .   Warding    : .   a - +0 robe
Life Prot.: + . .   Conserve   : .   (no shield)
Res.Poison: .       Res.Corr.  : .   b - +0 wizard hat
Res.Elec. : .       Clarity    : .   x - +0 cloak
Sust.Abil.: . .     Spirit.Shd : .   (no gloves)
Res.Mut.  : .       Stasis     : .   (no boots)
Res.Rott. : .       Flight     : .   (no amulet)
Saprovore : . . .                    (no ring)
                                     A - ring of positive energy {unknown}

@: slightly resistant to hostile enchantments, fairly stealthy
A: no striking features
a: no special abilities


You were on level 3 of the Dungeon.
You were not hungry.

You visited 1 branch of the dungeon, and saw 4 of its levels.

You collected 177 gold pieces.

Inventory:

Hand weapons
 g - a +1,+1 dwarven dagger
 v - a cursed -1,-1 dagger
 w - a +2,+2 quarterstaff of chaos (weapon)
 y - a +1,+1 dagger of venom
 z - a +2,+3 orcish dagger
 D - a +0,+0 short sword
 F - a +0,+0 short sword
 H - a +0,+0 spear
 J - a +0,+0 spear
Missiles
 o - 7 darts (quivered)
 u - an exploding dart
Armour
 a - a +0 robe (worn)
 b - a +0 wizard hat (worn)
 h - a +2 scale mail of cold resistance
 i - a +2 leather armour
 x - a +0 cloak (worn)
 E - a +0 leather armour
 I - a +1 robe
Magical devices
 p - a wand of teleportation (2)
 G - a wand of flame (6)
Comestibles
 d - 2 bread rations
 t - a meat ration
 K - a chunk of orc flesh
 O - a chunk of bat flesh
Scrolls
 e - a scroll of amnesia
 f - a scroll of curse jewellery {unknown}
 k - 2 scrolls of random uselessness
 l - 5 scrolls of identify
 n - a scroll of blinking {unknown}
 r - 2 scrolls of magic mapping {unknown}
 s - a scroll of remove curse {unknown}
 C - a scroll of teleportation {unknown}
 P - a scroll of enchant weapon II {unknown}
Jewellery
 A - a ring of positive energy (left hand) {unknown}
Potions
 j - 3 potions of curing
 m - 3 potions of restore abilities {unknown}
 q - a potion of confusion {unknown}
 B - 2 potions of poison {unknown}
Books
 c - a book of Minor Magic

   Spells                             Type                      Level
   *Magic Dart                        Conjuration                  1
   *Blink                             Translocation                2
   *Call Imp                          Summoning                    2
   Repel Missiles                     Charms/Air                   2
   Slow                               Hexes                        2
   Conjure Flame                      Conjuration/Fire             3
   *Mephitic Cloud                    Conjuration/Poison/Air       3


   Skills:
 * Level 2.2 Fighting
 + Level 0.6 Staves
 * Level 1.9 Armour
 + Level 2.2 Dodging
 + Level 2.5 Stealth
 + Level 4.0 Spellcasting
 + Level 1.7 Conjurations
 + Level 2.0 Summonings
 + Level 1.0 Translocations


You had 5 spell levels left.
You knew the following spells:

 Your Spells              Type           Power        Failure   Level  Hunger
a - Magic Dart            Conj           ##..         8%          1    None
b - Blink                 Tloc           N/A          12%         2    #......
c - Call Imp              Summ           ##........   10%         2    #......
d - Mephitic Cloud        Conj/Pois/Air  #.......     30%         3    ###....


Dungeon Overview and Level Annotations

Branches:
Dungeon (4/27)
 Temple: D:4-7

Altars:
Trog

Annotations:
D:4 Edmund


Message History

The orc wizard seems to speed up.
The orc wizard points at you and mumbles some strange words.
The puff of flame misses you.
The orc wizard hits you but does no damage.
There is a stone staircase leading up here.
The orc wizard barely misses you.
You climb upwards.
There is a stone staircase leading down here.
Welcome back, Grandi the Human Wizard.
Press ? for a list of commands and other information.
Welcome back, Grandi the Human Wizard.
Press ? for a list of commands and other information.
Evoke which item? (* to show all) (? for menu, Esc to quit)
Zapping:
G - a wand of flame {zapped: 1}
Press: ? - help, Shift-Dir - straight line, f - orc wizard
Aim: an orc wizard, wielding an orcish dagger and wearing an orcish robe (moving very quickly)
The puff of flame misses the orc wizard.
The orc wizard points at you and mumbles some strange words.
The puff of flame hits you!
You die...

#..# #..# #..# #..# #..# #..#
#..# #..# #..# #..# #..# #..#
#..# #..# #..# #..# #..# #..#
#..# #..# #..# #..# #..# #..#
#..# #..# #..# #).# #..# #..#
#..# #..# #..# #..# #..#
##..####..######..#####..####..##
................@................
...............o.................
.#####..#######.(########..####..
.# #..# #..# #..# #.. .# #..#
#..# #..# #.. .#
#..#######..########..####.. .#
#.........................). .#
#........>................[.
.#####..######..................#


You could see an orc wizard.

Vanquished Creatures
  Crazy Yiuf (D:2)
  A scorpion (D:4)
  4 adders
  A giant mite (D:1)
  A white imp (D:4)
  A shadow imp (D:2)
  2 worms
  A giant gecko (D:4)
  An ooze (D:3)
  2 orcs
  A ball python (D:2)
  6 bats
  7 goblins
  3 hobgoblins
  4 giant cockroaches
  7 giant newts
  3 jackals (D:4)
  5 kobolds
  An orc skeleton (D:4)
  3 rats
55 creatures vanquished.

Vanquished Creatures (collateral kills)
  An orc wizard (D:3)
  A scorpion (D:4)
  2 adders
  A worm (D:2)
  An ooze (D:1)
  4 orcs
  2 giant cockroaches
  2 hobgoblins
  A quokka (D:2)
  A giant newt (D:2)
  2 kobolds
  A rat (D:2)
19 creatures vanquished.

Vanquished Creatures (others)
  3 crimson imps
  3 shadow imps
  4 white imps (D:4)
  A giant newt zombie (D:2)
11 creatures vanquished.

Grand Total: 85 creatures vanquished

Notes
Turn   | Place    | Note
--------------------------------------------------------------
     0 | D:1      | Grandi, the Human Wizard, began the quest for the Orb.
     0 | D:1      | Reached XP level 1. HP: 11/11 MP: 5/5
   428 | D:1      | Reached XP level 2. HP: 4/17 MP: 0/7
   432 | D:1      | Learned a level 2 spell: Blink
   435 | D:1      | Learned a level 2 spell: Call Imp
  1153 | D:2      | Reached XP level 3. HP: 22/22 MP: 3/9
  1158 | D:2      | Learned a level 3 spell: Mephitic Cloud
  1841 | D:2      | Reached skill level 1 in Armour
  1876 | D:2      | Reached skill level 1 in Fighting
  2028 | D:2      | Noticed Crazy Yiuf
  2052 | D:2      | Killed Crazy Yiuf
  2052 | D:2      | Reached XP level 4. HP: 28/28 MP: 0/11
  2156 | D:2      | Noticed a moth of wrath
  2160 | D:2      | Found a bloodstained altar of Trog.
  3361 | D:3      | Reached XP level 5. HP: 34/34 MP: 4/13
  3949 | D:4      | Noticed Edmund
  4825 | D:4      | Reached skill level 4 in Spellcasting
  4825 | D:4      | Reached XP level 6. HP: 15/40 MP: 10/16
  5206 | D:3      | Killed from afar by an orc wizard

Action                   |  1- 3 |  4- 6 || total
-------------------------+-------+-------++-------
Melee: Dagger            |    19 |       ||    19
       Unarmed           |     3 |       ||     3
       Quarterstaff      |       |    81 ||    81
 Cast: Magic Dart        |    56 |    11 ||    67
       Call Imp          |    15 |    37 ||    52
       Mephitic Cloud    |     1 |     1 ||     2
       Blink             |       |     1 ||     1
Evoke: Wand              |       |     2 ||     2
  Use: Scroll            |       |     3 ||     3
       Potion            |       |     1 ||     1
 Stab: Confused          |     1 |       ||     1
       Sleeping          |       |     1 ||     1
       Paralysed         |       |     2 ||     2
